 Dungeon Crawl Stone Soup version 0.28.0 (webtiles) character file.

Game seed: 18234848545887656832

151 PoweredByGinger the Chopper (level 5, 0/45 HPs)
             Began as a Hill Orc Monk on Feb 15, 2022.
             Slain by a gnoll sergeant (1 damage)
             ... on level 2 of the Dungeon.
             The game lasted 00:05:18 (4070 turns).

PoweredByGinger the Chopper (Hill Orc Monk)         Turns: 4070, Time: 00:05:19

Health: 0/45       AC:  8    Str: 16    XL:     5   Next: 33%
Magic:  5/5        EV:  7    Int: 10    God:
Gold:   97         SH:  0    Dex: 13    Spells: 4/4 levels left

rFire   . . .      SeeInvis .   a - +0 hand axe
rCold   . . .      Faith    .   (no shield)
rNeg    + . .      Spirit   .   g - +0 chain mail
rPois   .          Reflect  .   (no helmet)
rElec   .          Harm     .   (no cloak)
rCorr   .          Rampage  .   (no gloves)
Will    .....                   (no boots)
Stlth   ..........              (no amulet)
HPRegen 0.15/turn               f - ring of positive energy
MPRegen 0.09/turn               (no ring)

@: attractive
A: no striking features
a: no special abilities


You were on level 2 of the Dungeon.
You visited 1 branch of the dungeon, and saw 3 of its levels.

You collected 97 gold pieces.

Inventory:

Hand Weapons
 a - a +0 hand axe (weapon)
Armour
 g - a +0 chain mail (worn)
Jewellery
 f - a ring of positive energy (left hand)
Scrolls
 b - a scroll of immolation {unknown}
 c - a scroll of identify {unknown}
Potions
 e - a potion of flight {unknown}


   Skills:
 - Level 3.6 Fighting
 + Level 7.7 Axes
 - Level 2.4 Dodging
 - Level 1.5 Stealth


You had 4 spell levels left.
You didn't know any spells.
Your spell library was empty.

Dungeon Overview and Level Annotations

Branches:
Dungeon (3/15)

Altars:

Annotations:
D:3 Robin


Message History

2 stones; a +0 short sword A gnoll sergeant comes into view.
It is wielding a +0 spear of flaming.
The gnoll sergeant shouts!
A gnoll sergeant is nearby!
A gnoll sergeant is nearby!
A gnoll sergeant is nearby!
The gnoll sergeant hits you with a +0 spear of flaming!
The gnoll sergeant burns you.
You closely miss the gnoll sergeant.
The gnoll sergeant hits you but does no damage.
You hit the gnoll sergeant but do no damage.
The gnoll sergeant closely misses you.
You barely miss the gnoll sergeant.
The gnoll sergeant hits you with a +0 spear of flaming!
The gnoll sergeant burns you.
Okay, then.
Throw: dart (curare)
Press: ? - help, Q - select action Shift-Dir - straight line, f - gnoll sergeant
Aim: a gnoll sergeant, wielding a +0 spear of flaming, wearing a +0 scale mail and wearing a +0 buckler (65% to hit)
You throw a curare-tipped dart.
The curare-tipped dart barely misses the gnoll sergeant.
The gnoll sergeant hits you but does no damage.
Unknown command.
Unknown command.
Okay, then.
Okay, then.
It was a potion of attraction.
You feel attractive to monsters.
The gnoll sergeant hits you with a +0 spear of flaming.
The gnoll sergeant burns you.
You hit the gnoll sergeant but do no damage.
The gnoll sergeant hits you with a +0 spear of flaming.
* * * LOW HITPOINT WARNING * * *
The gnoll sergeant burns you.
* * * LOW HITPOINT WARNING * * *
You hit the gnoll sergeant but do no damage.
The gnoll sergeant hits you with a +0 spear of flaming!
* * * LOW HITPOINT WARNING * * *
The gnoll sergeant burns you.
You die...

#.#...#. #.#...#.
###########.#...#.
#...........#...#.
#.###########...#.
#.# #....# #.#
#..### #.# #.##
#@# ### ♣ #g#
#######♣♣). #.#
#...<.g.g.. #.#
#.#####♣♣.. #.#
#.# ♣ #.# #.# #.#
#.# #(# #.#
##.######.#


You could see a gnoll sergeant.

Vanquished Creatures
  An iguana (D:2)
  4 gnolls
  4 adders (D:2)
  2 dart slugs
  2 endoplasms (D:1)
  4 giant cockroaches
  3 goblins
  4 hobgoblins
  4 quokkas
  3 ball pythons
  6 bats
  2 frilled lizards
  8 kobolds
  3 rats
50 creatures vanquished.

Notes
Turn   | Place    | Note
-------+----------+-------------------------------------------
     0 | D:1      | PoweredByGinger the Hill Orc Monk began the quest for the
                  | Orb.
     0 | D:1      | Reached XP level 1. HP: 19/19 MP: 1/1
   412 | D:1      | Reached XP level 2. HP: 26/26 MP: 2/2
   615 | D:1      | Reached skill level 5 in Axes
   773 | D:1      | Found a faded altar of an unknown god.
  1541 | D:1      | Reached XP level 3. HP: 29/31 MP: 3/3
  1882 | D:2      | You fall into a shaft and drop 1 floor!
  2104 | D:3      | Noticed Robin
  2112 | D:3      | Reached skill level 6 in Axes
  2365 | D:2      | Reached XP level 4. HP: 14/39 MP: 4/4
  3257 | D:2      | Reached skill level 7 in Axes
  3549 | D:2      | Reached XP level 5. HP: 41/45 MP: 5/5
  4070 | D:2      | HP: 1/45 [gnoll sergeant (10)]
  4070 | D:2      | Slain by a gnoll sergeant

Illustrated notes

Levels and vault maps discovered:
D:1:      kilobyte_arrival_exit_the_forest, layout_rooms,
          chequers_ecumenical_altar_island
D:2:      layout_basic, pf_guarded_unrand_woodcutter
D:3:      minmay_door_path, layout_rooms, uniq_jessica, uniq_robin

Skill      XL: |  1  2  3  4 |
---------------+-------------+-----
Axes           | 5 6 7 |  7.7
Fighting       | |  3.6
Dodging        | |  2.4
Stealth        | |  1.5

Action                   |  1- 3 |  4- 6 || total
-------------------------+-------+-------++-------
Melee: Hand axe          |   128 |    79 ||   207
       Punch             |     1 |     2 ||     3
Throw: Dart              |       |     3 ||     3
  Use: Potion            |     2 |     1 ||     3
 Stab: Sleeping          |     4 |       ||     4
Armor: Robe              |    35 |     3 ||    38
       Chain mail        |       |    32 ||    32
Dodge: Dodged            |   106 |    21 ||   127
